 Dungeon Crawl Stone Soup version 0.28.0-53-g5a82cb258f (webtiles) character file.

Game seed: 4335913268687198053

90 MiltankisOP the Changer (level 4, 0/28 HPs)
             Began as an Octopode Transmuter on July 12, 2022.
             Slain by an adder (2 damage)
             ... on level 3 of the Dungeon.
             The game lasted 00:03:35 (2760 turns).

MiltankisOP the Changer (Octopode Transmuter)       Turns: 2760, Time: 00:03:36

Health: 0/28       AC:  1    Str:  9    XL:     4   Next: 56%
Magic:  6/7        EV: 13    Int: 15    God:
Gold:   62         SH:  0    Dex: 14    Spells: 6/7 levels left

rFire   . . .      SeeInvis .     - Unarmed
rCold   . . .      Faith    .   (no shield)
rNeg    . . .      Spirit   .   (helmet currently unavailable)
rPois   .          Reflect  .   (no amulet)
rElec   .          Harm     .   (no ring)
rCorr   .          Rampage  .   (no ring)
Will    .....                   (no ring)
Stlth   ++........              (no ring)
HPRegen 0.09/turn               (no ring)
MPRegen 0.10/turn               (no ring)
                                (no ring)
                                (no ring)

@: brilliant, lethally poisoned (0 -> -11), appendages
A: tentacle spike 3, almost no armour, amphibious, 8 rings, camouflage 1,
gelatinous body 1, (nimble swimmer 1), tentacles
a: End Transformation


You were on level 3 of the Dungeon.
One of your tentacles had grown a beastly spike.
You visited 1 branch of the dungeon, and saw 3 of its levels.

You collected 62 gold pieces.

Inventory:

Jewellery
 b - a ring of magical power
 d - a ring of see invisible
 j - a ring of willpower
 l - a +6 ring of strength
Scrolls
 a - 2 scrolls of holy word {unknown}
 e - a scroll of teleportation {unknown}
 g - a scroll of fear {unknown}
 i - 3 scrolls of identify {unknown}
 k - a scroll of enchant armour {unknown}
Potions
 c - a potion of brilliance
 f - a potion of attraction {unknown}
 h - 2 potions of degeneration {unknown}


   Skills:
 - Level 1.0 Fighting
 - Level 2.0 Dodging
 - Level 3.0 Unarmed Combat
 - Level 2.0 Spellcasting
 + Level 3.5 Transmutations
 + Level 3.3 Poison Magic


You had 6 spell levels left.
You knew the following spells:

 Your Spells              Type           Power      Damage    Failure   Level
a - Beastly Appendage     Tmut           36%        N/A       5%          1

Your spell library contained the following spells:

 Spells                   Type           Power      Damage    Failure   Level
 Wereblood                Tmut           18%        N/A       8%          2
 Spider Form              Tmut/Pois      17%        N/A       16%         3
 Poisonous Vapours        Pois/Air       18%        N/A       17%         2
 Corpse Rot               Necr/Air       4%         N/A       32%         2
 Ice Form                 Ice/Tmut       10%        N/A       71%         4


Dungeon Overview and Level Annotations

Branches:
Dungeon (3/15)

Altars:

Annotations:
D:2 exclusion: ogre


Innate Abilities, Weirdness & Mutations

One of your tentacles has grown a beastly spike.
You cannot wear most types of armour.
You are amphibious.
You can wear up to eight rings at the same time.
Your skin changes colour to match your surroundings (Stealth+).
Your rubbery body absorbs attacks. (AC +1, EV +1)
((You are camouflaged when in or above water. (Stealth+)))
You have tentacles for arms and can constrict up to eight enemies at once.


Message History

The endoplasm freezes you.
You are frozen.
You tentacle-slap the endoplasm.
You kill the endoplasm!
An adder is nearby!
The helpless adder fails to defend itself.
You tentacle-slap the adder but do no damage.
Your grab misses the adder.
Your tentacle spike misses the adder.
The adder bites you.
You are poisoned.
The adder poisons you!
You tentacle-slap the adder but do no damage.
Your grab misses the adder.
You tentacle-slap the adder, but do no damage.
You feel sick. The adder bites you.
You are more poisoned.
The adder poisons you!
You are too injured to fight recklessly!
You are too injured to fight recklessly!
Casting: Beastly Appendage (safe; 5% risk of failure)
Confirm with . or Enter, or press ? or * to list all spells.
You extend your transformation's duration.
You feel sick. The adder bites you.
You are more poisoned.
The adder poisons you! The adder bites you.
A dart slug comes into view.
You tentacle-slap the adder. Your grab misses the adder.
The adder is moderately wounded.
* * * LOW HITPOINT WARNING * * *
You feel very sick. The adder bites you.
* * * LOW HITPOINT WARNING * * *
You are more poisoned.
The adder poisons you!
It was a potion of brilliance.
You feel clever all of a sudden.
* * * LOW HITPOINT WARNING * * *
You feel very sick. The adder bites you.
You die...

## .. .#
.#
####S##w#
#..@....#
#..######
#..# #..#
#..# #..#
#..# #..#
...###
#..#
......


You could see an adder and a dart slug.

Vanquished Creatures
  3 adders (D:2)
  A worm (D:2)
  2 dart slugs (D:2)
  6 endoplasms
  2 giant cockroaches
  3 goblins (D:1)
  5 hobgoblins
  4 jackals (D:2)
  5 quokkas
  6 ball pythons
  4 bats (D:1)
  A frilled lizard (D:2)
  3 kobolds
  9 rats
54 creatures vanquished.

Notes
Turn   | Place    | Note
-------+----------+-------------------------------------------
     0 | D:1      | MiltankisOP the Octopode Transmuter began the quest for the
                  | Orb.
     0 | D:1      | Reached XP level 1. HP: 13/13 MP: 3/3
   163 | D:1      | Reached skill level 1 in Poison Magic
   276 | D:1      | You fall into a shaft and drop 1 floor!
   344 | D:2      | Reached XP level 2. HP: 6/18 MP: 3/5
   915 | D:1      | Reached XP level 3. HP: 23/23 MP: 4/6
  1369 | D:2      | Found a faded altar of an unknown god.
  1758 | D:2      | Reached XP level 4. HP: 26/28 MP: 5/7
  2244 | D:2      | Noticed an ogre
  2760 | D:3      | Slain by an adder

Illustrated notes

Levels and vault maps discovered:
D:1:      minmay_arrival_wavy_path, layout_rooms, nicolae_figureground_pulse
D:2:      kennysheep_six_static_rooms, layout_loops_ring,
          nicolae_ecumenical_oubliette
D:3:      layout_loops_ring

Skill      XL: |  1  2  3 |
---------------+----------+-----
Poison Magic   | 1 2 3 |  3.3
Transmutations | 3 |  3.5
Fighting       | |  1.0
Dodging        | |  2.0
Unarmed Combat | |  3.0
Spellcasting   | |  2.0

Action                   |  1- 3 |  4- 6 || total
-------------------------+-------+-------++-------
Melee: Unarmed           |    72 |    46 ||   118
       Constrict         |    20 |    11 ||    31
       Kick              |    16 |    11 ||    27
       Tentacles         |    12 |    10 ||    22
       Punch             |     1 |     3 ||     4
 Cast: Beastly Appendage |    24 |    11 ||    35
  Use: Potion            |       |     1 ||     1
 Stab: Sleeping          |     5 |     3 ||     8
Armor: Skin              |     5 |     1 ||     6
Dodge: Dodged            |    40 |    25 ||    65
